AoeStats
← goldenboy54

Arena

510660322Analyzed
4v4 RM · 16h ago on Oct 2, 2026· 51m 52s· 8 players
Game mode
Random Map
Map size
Large (8 player)
Population
200
Speed
Normal
Resources
Standard
Victory
Conquest
Starting age
Dark Age
Ending age
Imperial Age
RankedLock teamsTeams togetherTeam positionsShared explorationLock speedFull tech treeHidden civsTurbo modeCheats
Victory
Defeat
🇲🇽 Celts · Mexico
1013
+13
🇲🇽 Lithuanians · Mexico
940
+16
🇲🇽 Burgundians · Mexico
922
+17
🇨🇳 Huns · China
907
+18
🇺🇸 Lithuanians · United States
1018
-39
🇨🇳 Spanish · China
950
-16
🇺🇸 Spanish · United States
947
-16
🇺🇸 Persians · United States
869
-13
Eluzak
11:00 Feudal Age
15:01 Castle Age
13:07 Double-Bit Axe
14:01 Loom
14:01 Horse Collar
15:33 Light Cavalry
28:08 Wheelbarrow
27:19 Town Watch
28:33 Bloodlines
31:28 Imperial Age
30:16 Forging
30:11 Scale Barding Armor
30:09 Husbandry
30:07 Gold Mining
30:08 Stone Mining
32:13 Iron Casting
32:06 Chain Barding Armor
32:23 Fortified Wall
32:40 Conscription
31:41 Elite Leitis
34:49 Plate Barding Armor
36:16 Stone Shaft Mining
38:03 Hand Cart
37:49 Town Patrol
40:52 Hoardings
goldenboy54
5:37 Loom
12:48 Feudal Age
14:17 Double-Bit Axe
15:13 Wheelbarrow
16:52 Gold Mining
16:48 Horse Collar
19:43 Castle Age
20:49 Bloodlines
21:29 Bow Saw
21:34 Heavy Plow
22:56 Husbandry
23:34 Light Cavalry
28:18 Hand Cart
28:30 Elite Skirmisher
35:46 Imperial Age
36:49 Pikeman
37:01 Cavalier
39:37 Halberdier
41:41 Scale Mail Armor
41:53 Forging
41:33 Fletching
41:44 Padded Archer Armor
41:49 Scale Barding Armor
无敌火枪手
1:56 Loom
10:38 Feudal Age
11:20 Double-Bit Axe
17:51 Castle Age
16:35 Horse Collar
18:12 Gold Mining
19:42 Wheelbarrow
22:34 Bow Saw
23:38 Stone Mining
26:51 Heavy Plow
29:05 Hand Cart
29:49 Stone Shaft Mining
GeneralZyidar
9:28 Loom
11:36 Feudal Age
15:47 Castle Age
16:35 Double-Bit Axe
16:58 Horse Collar
17:12 Gold Mining
19:08 Bloodlines
20:05 Bow Saw
21:02 Stone Mining
25:11 Wheelbarrow
27:40 Husbandry
33:08 Imperial Age
32:11 Hand Cart
32:36 Gold Shaft Mining
32:04 Heavy Plow
31:42 Crossbowman
32:24 Kamandaran
32:36 Forging
32:27 Padded Archer Armor
32:43 Town Watch
32:51 Town Watch
33:36 Scale Barding Armor
33:39 Thumb Ring
33:27 Fletching
34:33 Cavalier
35:41 Chain Barding Armor
35:19 Bodkin Arrow
36:00 Conscription
36:30 Savar
41:55 Iron Casting
41:58 Plate Barding Armor
42:52 Two-Man Saw
42:55 Ballistics
43:36 Chemistry
42:48 Masonry
43:03 Town Patrol
43:24 Leather Archer Armor
44:09 Blast Furnace
43:34 Light Cavalry
46:22 Ring Archer Armor
49:41 Crop Rotation
50:05 Hussar
iiggzz
3:06 Loom
12:06 Feudal Age
13:34 Double-Bit Axe
13:32 Horse Collar
16:12 Castle Age
14:55 Gold Mining
14:58 Stone Mining
18:36 Bow Saw
20:37 Heavy Plow
23:33 Wheelbarrow
27:01 Masonry
26:59 Scale Mail Armor
31:37 Imperial Age
29:48 Hand Cart
29:56 Bloodlines
30:21 Ballistics
30:15 Fortified Wall
30:22 Pikeman
31:03 Squires
31:20 Chain Mail Armor
32:44 Conscription
32:27 Fletching
33:06 Scale Barding Armor
32:29 Capped Ram
34:14 Chemistry
32:59 Halberdier
35:25 Chain Barding Armor
37:28 Husbandry
37:23 Elite Leitis
38:02 Arson
39:25 Forging
39:51 Plate Barding Armor
42:22 Iron Casting
41:45 Bodkin Arrow
47:45 Architecture
46:56 Treadmill Crane
47:37 Bombard Tower
Pikapork
11:17 Feudal Age
11:48 Double-Bit Axe
12:40 Bow Saw
16:18 Castle Age
14:18 Stone Mining
14:10 Horse Collar
15:27 Heavy Plow
15:27 Loom
16:24 Gold Mining
18:49 Stone Shaft Mining
22:30 Gold Shaft Mining
23:36 Crop Rotation
24:46 Two-Man Saw
33:05 Imperial Age
31:13 Wheelbarrow
31:12 Fletching
31:23 Padded Archer Armor
32:24 Murder Holes
32:51 Ballistics
32:12 Treadmill Crane
32:48 Fortified Wall
33:02 Bodkin Arrow
33:31 Leather Archer Armor
33:53 Hand Cart
34:19 Conscription
36:10 Chemistry
37:03 Bracer
37:25 Burgundian Vineyards
37:28 Squires
37:23 Pikeman
37:49 Arson
38:34 Halberdier
39:26 Elite Skirmisher
40:27 Light Cavalry
40:27 Cavalier
41:11 Husbandry
41:31 Scale Mail Armor
42:00 Hussar
48:46 Scale Barding Armor
48:57 Chain Mail Armor
48:53 Forging
Davejua
10:05 Feudal Age
15:31 Castle Age
13:51 Double-Bit Axe
13:50 Horse Collar
26:30 Scale Mail Armor
33:00 Imperial Age
31:07 Wheelbarrow
31:33 Pikeman
32:25 Forging
32:12 Gambesons
32:13 Arson
34:19 Iron Casting
34:18 Conscription
33:54 Capped Ram
35:16 Chain Mail Armor
36:05 Halberdier
37:18 Plate Mail Armor
39:10 Blast Furnace
38:18 Heavy Plow
38:35 Bow Saw
39:23 Furor Celtica
39:53 Siege Ram
40:59 Gold Mining
41:07 Stone Mining
43:23 Gold Shaft Mining
43:24 Stone Shaft Mining
44:28 Chemistry
44:53 Hand Cart
45:28 Ballistics
46:23 Heavy Scorpion
47:38 Siege Engineers
49:54 Masonry
顺风打工人
8:30 Loom
10:50 Feudal Age
12:58 Double-Bit Axe
15:43 Castle Age
14:23 Gold Mining
14:27 Horse Collar
15:15 Stone Mining
21:43 Wheelbarrow
26:55 Bow Saw
27:33 Heavy Plow
29:49 Gold Shaft Mining
29:30 Hand Cart
33:24 Imperial Age
32:07 Forging
32:02 Scale Barding Armor
32:00 Marauders
32:31 Bloodlines
32:22 Husbandry
33:28 Iron Casting
33:40 Town Watch
33:32 Elite Tarkan
34:33 Conscription
34:37 Chain Barding Armor
35:18 Blast Furnace
34:28 Town Patrol
36:22 Plate Barding Armor
35:39 Fletching
36:02 Masonry
35:47 Murder Holes
36:13 Ballistics
38:44 Cavalier
38:53 Pikeman
39:34 Squires
39:19 Arson
39:45 Scale Mail Armor
41:54 Chain Mail Armor
47:44 Paladin
50:59 Bodkin Arrow
51:04 Padded Archer Armor
Connection lost

Rejoining the realm…

Still unreachable

The connection could not be restored.

Session expired

The server has moved on; the page needs a fresh start.